 Dungeon Crawl Stone Soup version 0.21.0-3-g78d12a8 (webtiles) character file.

1804 Inarius the Frost Mage (level 8, -7/54 HPs)
             Began as a Purple Draconian Ice Elementalist on Jan 11, 2018.
             Was a Follower of Hepliaklqana.
             Mangled by an orc warrior
             ... wielding a +0 war axe
              (8 damage)
             ... in a bailey.
             The game lasted 00:18:43 (7088 turns).

Inarius the Frost Mage (DrIE)                       Turns: 7088, Time: 00:18:44

Health: -7/54      AC:  8    Str: 11    XL:     8   Next: 83%
Magic:  15/17      EV: 13    Int: 18    God:    Hepliaklqana [*.....]
Gold:   346        SH:  0    Dex: 11    Spells: 7/19 levels left

rFire    . . .     SeeInvis .   w - +0 whip (flame)
rCold    . . .     Gourm    .   (no shield)
rNeg     . . .     Faith    .   (armour unavailable)
rPois    .         Spirit   .   (helmet restricted)
rElec    .         Reflect  .   (no cloak)
rCorr    .         Harm     .   m - +0 pair of gloves
MR       ++...     Rnd*Tele +   h - +0 pair of boots
Stlth    ++........             (no amulet)
HPRegen  0.18/turn              n - ring of teleportation (curse)
MPRegen  0.15/turn              t - ring of protection from magic

@: very slightly contaminated, hasted, very quick
A: breathe power, unfitting armour, reduced essence, cold-blooded, AC +6
a: Breathe Dispelling Energy, Recall Ancestor, Ancestor Identity, Renounce
Religion


You were in a bailey.
You worshipped Hepliaklqana.
Hepliaklqana was aware of your devotion.
You were not hungry.

You visited 2 branches of the dungeon, and saw 8 of its levels.
You also visited: Bailey.

You collected 346 gold pieces.

Inventory:

Hand Weapons
 j - a +0 short sword
 w - a +0 whip of flaming (weapon)
Armour
 f - a +0 buckler
 h - a +0 pair of boots (worn)
 m - a +0 pair of gloves (worn)
Jewellery
 n - a cursed ring of teleportation (left hand)
 o - an uncursed ring of poison resistance
 q - an uncursed ring of see invisible
 t - a ring of protection from magic (right hand)
 v - an uncursed ring of resist corrosion
Scrolls
 l - a scroll of enchant weapon {unknown}
 p - a scroll of amnesia {unknown}
 u - 2 scrolls of random uselessness {unknown}
Potions
 c - a potion of brilliance
 d - a potion of magic
 g - a potion of degeneration
Comestibles
 b - 11 rations
 r - 8 chunks of flesh


   Skills:
 + Level 2.3 Fighting
 - Level 1.0 Short Blades
 + Level 0.1 Maces & Flails
 + Level 3.7 Dodging
 - Level 1.7 Stealth
 + Level 2.0 Shields
 + Level 6.0 Spellcasting
 + Level 2.5 Conjurations
 + Level 2.8 Charms
 + Level 2.5 Summonings
 * Level 8.0 Ice Magic


You had 7 spell levels left.
You knew the following spells:

 Your Spells              Type           Power        Failure   Level  Hunger
a - Freeze                Ice            ####         1%          1    None
b - Ozocubu's Armour      Chrm/Ice       ####....     3%          3    ##.....
c - Throw Icicle          Conj/Ice       ###.....     14%         4    ####...
d - Summon Ice Beast      Ice/Summ       ###.....     14%         4    ####...


Dungeon Overview and Level Annotations

Branches:
Dungeon (7/15)             Temple (1/1) D:4

Altars:
Dithmenos
Hepliaklqana
Makhleb
Nemelex Xobeh
Okawaru
Qazlal
Ru
Sif Muna
Trog
Vehumet
Xom
Zin
The Shining One


Innate Abilities, Weirdness & Mutations

You can breathe bolts of dispelling energy.
Your rich purple scales are hard. (AC +6)
You cannot fit into any form of body armour.
You are cold-blooded and may be slowed by cold attacks.
Your life essence is reduced to manifest your ancestor. (-10% HP)


Message History

Press: ? - help, Shift-Dir - straight line, f/p - goblin
Aim: a goblin, wielding a hand axe and wearing a leather armour (moderately wounded)
You freeze the goblin.
You kill the goblin!
The goblin hits you but does no damage. The hobgoblin misses you.
Casting: Freeze
Confirm with . or Enter, or press ? or * to list all spells.
Aiming: Freeze
Press: ? - help, Shift-Dir - straight line, f - hobgoblin
Aim: a hobgoblin, wielding a hand axe and wearing a runed leather armour You freeze the hobgoblin.
You kill the hobgoblin!
The gnoll closely misses you.
You feel yourself speed up. The goblin hits you with a hand axe!
* * * LOW HITPOINT WARNING * * *
The gnoll hits you with a hand axe!
* * * LOW HITPOINT WARNING * * *
The hobgoblin hits you but does no damage.
The orc warrior hits you with a war axe!
You die...

♣♣♣ ##.. ♣♣♣♣♣.♣
###.#'#
♣.....♣♣♣###.....##
♣.....).##.........
♣♣)))....#..........
♣.)go...)'..........
♣..@gg∩..'.....⌠....
♣♣..g....'..........
♣.......#.......)..
♣♣......##......)..
♣.....♣.♣###....)##
♣♣♣♣♣.♣♣♣ ###.#'#.
♣♣♣ ###.). #...)
#....


You could see an orc warrior, a gnoll, 2 hobgoblins and a goblin.

Vanquished Creatures
  Pikel (D:7)
  Menkaure (D:7)
  An ogre (D:4)
  3 scorpions (D:5)
  An orc priest (D:3)
  A bullfrog skeleton (D:5)
  A gnoll shaman (D:5)
  3 hounds
  3 worker ants
  4 orc wizards
  A hound skeleton (D:5)
  5 gnolls (D:5)
  4 adders
  2 oozes
  An adder skeleton (D:4)
  An adder zombie (D:5)
  5 worms (D:2)
  3 dart slugs
  2 leopard geckos
  20 orcs
  A ball python (D:1)
  6 bats
  A giant cockroach (D:2)
  8 goblins
  9 hobgoblins
  5 jackals
  3 kobolds (D:2)
  4 quokkas
  6 frilled lizards
  A quokka skeleton (D:5)
  4 rats
111 creatures vanquished.

Vanquished Creatures (collateral kills)
  An ice beast (D:5)
  A phantom (D:6)
  A bullfrog (D:7)
  A howler monkey (D:6)
  2 bullfrog zombies
  A bullfrog skeleton (D:7)
  An iguana (D:6)
  A hound zombie (D:6)
  A howler monkey zombie (D:5)
  An adder (D:4)
  A gnoll (Bailey)
  An adder skeleton (D:4)
  3 orcs
  2 goblins (Bailey)
  A hobgoblin (Bailey)
  5 jackals (D:6)
  A quokka (D:6)
25 creatures vanquished.

Vanquished Creatures (others)
  2 ancestors
  2 goblins (D:7)
4 creatures vanquished.

Grand Total: 140 creatures vanquished

Notes
Turn   | Place    | Note
-------+----------+-------------------------------------------
     0 | D:1      | Inarius the Draconian Ice Elementalist began the quest for the Orb.
     0 | D:1      | Reached XP level 1. HP: 14/14 MP: 3/3
   333 | D:1      | Reached XP level 2. HP: 20/20 MP: 3/5
  1002 | D:2      | Reached skill level 4 in Ice Magic
  1099 | D:2      | Reached XP level 3. HP: 15/26 MP: 1/6
  1497 | D:2      | Found a shadowy altar of Dithmenos.
  1874 | D:2      | Learned a level 3 spell: Ozocubu's Armour
  2629 | D:3      | Reached XP level 4. HP: 30/33 MP: 4/7
  2670 | D:3      | Found a glowing silver altar of Zin.
  3272 | D:3      | Found a sparkling altar of Nemelex Xobeh.
  3918 | D:3      | Reached skill level 1 in Charms
  3918 | D:3      | Reached XP level 5. HP: 33/39 MP: 4/9
  4011 | D:4      | Noticed an ogre
  4023 | D:4      | Learned a level 4 spell: Throw Icicle
  4085 | D:4      | Reached skill level 1 in Shields
  4089 | D:4      | Reached skill level 5 in Ice Magic
  4239 | D:4      | Reached XP level 6. HP: 29/46 MP: 3/11
  4248 | D:4      | Found a staircase to the Ecumenical Temple.
  4261 | Temple   | Entered the Ecumenical Temple
  4338 | Temple   | Became a worshipper of Hepliaklqana the Forgotten
  4604 | D:4      | Reached skill level 1 in Short Blades
  4828 | D:5      | Entered Level 5 of the Dungeon
  4914 | D:5      | Reached skill level 6 in Ice Magic
  4914 | D:5      | Your scales start taking on a rich purple colour.
  4914 | D:5      | Reached XP level 7. HP: 43/45 MP: 13/13
  4991 | D:5      | Reached skill level 1 in Fighting
  5015 | D:5      | Found the +5 robe of Night {Dark MR+ SInv}
  5194 | D:5      | Reached * piety under Hepliaklqana
  5346 | D:5      | Learned a level 4 spell: Summon Ice Beast
  5660 | D:5      | Reached skill level 5 in Spellcasting
  6022 | D:6      | Found a radiant altar of Vehumet.
  6126 | D:6      | Reached skill level 7 in Ice Magic
  6179 | D:6      | Reached XP level 8. HP: 47/53 MP: 11/15
  6414 | D:6      | Reached skill level 1 in Summonings
  6515 | D:6      | Found a burning altar of Makhleb.
  6631 | D:7      | Noticed Menkaure
  6636 | D:7      | Killed Menkaure
  6871 | D:7      | Noticed Pikel
  6883 | D:7      | Killed Pikel
  6907 | D:7      | Found a flagged portal.
  6914 | Bailey   | Entered a bailey
  6939 | Bailey   | Reached skill level 8 in Ice Magic
  7088 | Bailey   | HP: 1/54 [gnoll/hand axe (7)]
  7088 | Bailey   | Mangled by an orc warrior

Skill      XL: |  1  2  3  4  5  6  7  8 |
---------------+-------------------------+-----
Ice Magic      | 4 5 6 7 8 |  8.0
Dodging        | 2 3 |  3.7
Charms         | 1 2 |  2.8
Shields        | 1 2 |  2.0
Spellcasting   | 3 4 5 6 |  6.0
Short Blades   | 1 |  1.0
Fighting       | 1 2 |  2.3
Conjurations   | 2 |  2.5
Summonings     | 2 |  2.5
Maces & Flails | |  0.1
Stealth        | |  1.7

Action                   |  1- 3 |  4- 6 |  7- 9 || total
-------------------------+-------+-------+-------++-------
Melee: Unarmed           |     7 |       |       ||     7
       Tailslap          |     3 |     8 |    28 ||    39
       Hand axe          |    43 |       |       ||    43
       Short sword       |    10 |    86 |   197 ||   293
       Whip              |       |       |    21 ||    21
 Cast: Freeze            |    44 |    58 |    37 ||   139
       Ozocubu's Armour  |       |     1 |     9 ||    10
Invok: Recall Ancestor   |       |     1 |     4 ||     5
       Ancestor Identity |       |     1 |       ||     1
 Abil: Breathe Dispellin |       |       |     2 ||     2
  Use: Scroll            |       |     1 |     6 ||     7
       Potion            |       |       |     4 ||     4
 Stab: Sleeping          |     1 |     5 |     3 ||     9
       Distracted        |     1 |       |     2 ||     3
       Invisible         |       |       |     3 ||     3
  Eat: Chunk             |     6 |     7 |     5 ||    18
       Ration            |       |       |     1 ||     1
Armor: Skin              |    25 |    49 |   130 ||   204
Dodge: Dodged            |    53 |    74 |   195 ||   322
